 Dungeon Crawl Stone Soup version 0.20.1-1-g8b1a95d (webtiles) character file.

116 Saithnar the Firebug (level 4, -5/24 HPs)
             Began as a Deep Elf Fire Elementalist on Aug 19, 2017.
             Was an Initiate of Sif Muna.
             Killed from afar by an orc (29 damage)
             ... with an exploding inner flame
             ... hexed by the player character
             ... on level 3 of the Dungeon.
             The game lasted 00:15:12 (3316 turns).

Saithnar the Firebug (Deep Elf Fire Elementalist)   Turns: 3316, Time: 00:15:13

Health: -5/24      AC:  4    Str:  5    XL:     4   Next: 70%
Magic:  6/12       EV: 13    Int: 21    God:    Sif Muna [......]
Gold:   162        SH:  0    Dex: 15    Spells: 8/12 levels left

rFire    . . .     SeeInvis .   k - +1 quarterstaff
rCold    . . .     Gourm    +   (shield currently unavailable)
rNeg     . . .     Faith    .   a - +1 robe
rPois    .         Spirit   .   (no helmet)
rElec    .         Reflect  .   (no cloak)
rCorr    .         Harm     .   g - +0 pair of gloves
MR       .....                  (no boots)
Stlth    ++........             m - amulet of the gourmand
Regen    0.1/turn               (no ring)
MPRegen  0.2/turn               (no ring)

@: no status effects
A: no striking features
a: Renounce Religion


You were on level 3 of the Dungeon.
You worshipped Sif Muna.
Sif Muna was noncommittal.
You were not hungry.

You visited 1 branch of the dungeon, and saw 3 of its levels.

You collected 162 gold pieces.

Inventory:

Hand Weapons
 k - a +1 quarterstaff (weapon)
Armour
 a - a +1 robe (worn)
 c - a +0 robe
 g - a +0 pair of gloves (worn)
 h - a +0 robe
Jewellery
 m - an amulet of the gourmand (around neck)
Scrolls
 e - 2 scrolls of enchant weapon
Potions
 f - a potion of mutation {unknown}
 i - a potion of brilliance {unknown}
 j - a potion of heal wounds {unknown}
 l - a potion of agility {unknown}
Books
 b - a book of Flames

   Spells                             Type                      Level
   a - Flame Tongue                   Conjuration/Fire             1
   b - Throw Flame                    Conjuration/Fire             2
   c - Conjure Flame                  Conjuration/Fire             3
   d - Inner Flame                    Hexes/Fire                   3
   e - Sticky Flame                   Conjuration/Fire             4
   f - Fireball                       Conjuration/Fire             5


   Skills:
 + Level 2.6 Dodging
 + Level 2.9 Stealth
 + Level 4.5 Spellcasting
 + Level 1.9 Conjurations
 + Level 0.3 Hexes
 + Level 4.6 Fire Magic


You had 8 spell levels left.
You knew the following spells:

 Your Spells              Type           Power        Failure   Level  Hunger
a - Flame Tongue          Conj/Fire      ###..        3%          1    None
b - Inner Flame           Hex/Fire       ###.....     12%         3    ##.....


Dungeon Overview and Level Annotations

Branches:
Dungeon (3/15)

Altars:
Sif Muna


Message History

Press: ? - help, Shift-Dir - straight line, f - orc
Aim: an orc, wielding a club (chance to defeat MR: 83%)
The orc is filled with an inner flame.
Casting: Inner Flame
Confirm with . or Enter, or press ? or * to list all spells.
Aiming: Flame Tongue
Press: ? - help, Shift-Dir - straight line, f/p - orc
Aim: an orc, wielding a club (inner flame)
The flame tongue hits the orc.
The orc is almost dead.
Casting: Flame Tongue
Confirm with . or Enter, or press ? or * to list all spells.
Aiming: Flame Tongue
Press: ? - help, Shift-Dir - straight line, f/p - orc
Aim: an orc, wielding a club (heavily wounded, inner flame)
The flame tongue hits the orc.
The orc explodes!
The fiery explosion engulfs you!
Ouch! That really hurt!
You die...

#.#####..###.#...............
#.#...#......)..((....#......
#....).#.#####.............#.
#...#....#.......#.#..#.##.#
###+#...#....#.#.#...#....#...
#
........#........#...####.#.###
o.......#..###.#.....#......#
........#......###........#..
......#..oo..o§.@..#.#....###
%.<...#.#.########.# ....
......#.#.# # :.....#.#.#
'####.#.#.# ' #.#.#.# . ..#.#.#
#.#.+ ###


You could see 3 orcs.

Vanquished Creatures
  4 adders (D:2)
  A worm (D:2)
  2 dart slugs
  3 leopard geckos
  2 orcs
  A giant cockroach (D:1)
  8 goblins
  4 hobgoblins
  7 jackals (D:1)
  10 kobolds
  A quokka (D:3)
  15 bats
  A frilled lizard (D:1)
  7 rats
66 creatures vanquished.

Notes
Turn   | Place    | Note
-------+----------+-------------------------------------------
     0 | D:1      | Saithnar the Deep Elf Fire Elementalist began the quest for the Orb.
     0 | D:1      | Reached XP level 1. HP: 10/10 MP: 6/6
   365 | D:1      | Reached XP level 2. HP: 13/15 MP: 2/8
   755 | D:1      | Reached XP level 3. HP: 17/19 MP: 8/10
   957 | D:1      | Learned a level 3 spell: Inner Flame
  2253 | D:2      | Reached XP level 4. HP: 24/24 MP: 3/12
  2583 | D:2      | Found a faded altar of an unknown god.
  2738 | D:2      | Found a deep blue altar of Sif Muna.
  2744 | D:2      | Became a worshipper of Sif Muna the Loreminder
  3316 | D:3      | Killed from afar by an orc

Skill      XL: |  1  2  3 |
---------------+----------+-----
Fire Magic     | 4 |  4.6
Spellcasting   | 4 |  4.5
Dodging        | |  2.6
Stealth        | |  2.9
Conjurations   | |  1.9
Hexes          | |  0.3

Action                   |  1- 3 |  4- 6 || total
-------------------------+-------+-------++-------
 Cast: Flame Tongue      |    88 |    38 ||   126
       Inner Flame       |     3 |     1 ||     4
  Use: Scroll            |     2 |     2 ||     4
  Eat: Chunk             |     2 |     1 ||     3
       Bread ration      |     1 |     1 ||     2
Armor: Robe              |     9 |     5 ||    14
Dodge: Dodged            |    25 |    18 ||    43
